 Dungeon Crawl Stone Soup version 0.28-a0-1080-g05a166d0ed (webtiles) character file.

Game seed: 15017296503864280917

221 ytrimaz the Insei (level 5, 0/34 HPs)
             Began as an Octopode Transmuter on Dec 9, 2021.
             Was an Initiate of Ashenzari.
             Killed from afar by Sigmund (8 damage)
             ... with a magic dart
             ... on level 3 of the Dungeon.
             The game lasted 00:03:03 (4512 turns).

ytrimaz the Insei (Octopode Transmuter)             Turns: 4512, Time: 00:03:03

Health: 0/34       AC:  2    Str:  9    XL:     5   Next: 98%
Magic:  7/9        EV: 19    Int: 18    God:    Ashenzari [......]
Gold:   33         SH:  0    Dex: 17    Spells: 6/10 levels left

rFire   . . .      SeeInvis .     - Unarmed
rCold   . . .      Faith    .   (shield currently unavailable)
rNeg    . . .      Spirit   .   (helmet currently unavailable)
rPois   x          Reflect  .   (no amulet)
rElec   .          Harm     .   (no ring)
rCorr   .          Rampage  .   (no ring)
Will    .....                   (no ring)
Stlth   ++........              (no ring)
HPRegen 0.11/turn               (no ring)
MPRegen 0.11/turn               (no ring)
                                (no ring)
                                (no ring)

@: spider-form (expiring), hasted, very quick
A: venomous fangs, almost no armour, (amphibious), 8 rings, tiny, (camouflage
1), (gelatinous body 1), (nimble swimmer 1), (tentacles)
a: End Transformation, Renounce Religion, Curse Item


You were on level 3 of the Dungeon.
You worshipped Ashenzari.
Ashenzari was noncommittal.
You were a venomous arachnid creature.
You visited 1 branch of the dungeon, and saw 3 of its levels.

You collected 33 gold pieces.

Inventory:

Potions
 a - a potion of haste


   Skills:
 * Level 2.2 Fighting
 - Level 2.0 Dodging
 + Level 4.9 Unarmed Combat
 * Level 3.1 Spellcasting
 * Level 3.0 Transmutations


You had 6 spell levels left.
You knew the following spells:

 Your Spells              Type           Power      Damage    Failure   Level
a - Beastly Appendage     Tmut           26%        N/A       14%         1
b - Spider Form           Tmut/Pois      8%         N/A       47%         3

Your spell library contained the following spells:

 Spells                   Type           Power      Damage    Failure   Level
 Wereblood                Tmut           13%        N/A       19%         2
 Animate Skeleton         Necr           4%         N/A       34%         1
 Pain                     Necr           8%         1d4       34%         1
 Ensorcelled Hibernation  Hex/Ice        4%         N/A       45%         2
 Tukima's Dance           Hex            2%         N/A       65%         3
 Vampiric Draining        Necr           2%         2d6       65%         3
 Ice Form                 Ice/Tmut       8%         N/A       83%         4


Dungeon Overview and Level Annotations

Branches:
Dungeon (3/15)

Altars:
Ashenzari
Fedhas

Annotations:
D:3 Sigmund


Innate Abilities, Weirdness & Mutations

You are a venomous arachnid creature.
You have poisonous fangs.
You are tiny and dextrous.
Your spellcasting is less reliable in this form.
Your armour is entirely melded.
You are incapable of wielding weapons or throwing items.
You cannot wear most types of armour.
((You are amphibious.))
You can wear up to eight rings at the same time.
((Your skin changes colour to match your surroundings (Stealth+).))
((Your rubbery body absorbs attacks. (AC +1, EV +1)))
((You are camouflaged near water. (Stealth+)))
((You have tentacles for arms and can constrict up to eight enemies at once.))


Message History

Confirm with . or Enter, or press ? or * to list all spells.
Okay, then.
You feel yourself speed up.
You bite Sigmund!
Sigmund is poisoned.
Sigmund is moderately wounded.
Your transformation is almost over.
Sigmund is suddenly surrounded by pale green light.
Sigmund closely misses you.
You barely miss Sigmund.
Sigmund is moderately wounded.
You completely miss Sigmund.
Sigmund is moderately wounded.
Sigmund closely misses you.
You hit Sigmund but do no damage.
Sigmund looks as sick as possible!
Sigmund is moderately wounded.
You barely miss Sigmund.
Sigmund is moderately wounded.
You hit Sigmund.
Sigmund is severely wounded.
Sigmund breathes a few words.
Sigmund's hands start flickering wildly.
Sigmund gestures at you while chanting. The puff of flame misses you.
You hit Sigmund but do no damage.
Sigmund looks as sick as possible!
Sigmund is severely wounded.
Sigmund hits you with a +0 scythe!
You hit Sigmund but do no damage.
Sigmund looks as sick as possible!
Sigmund is severely wounded.
You hit Sigmund.
Sigmund looks as sick as possible!
Sigmund is almost dead.
You hit Sigmund but do no damage.
Sigmund looks as sick as possible!
Sigmund is almost dead.
Sigmund casts a spell at you. The magic dart hits you!
* * * LOW HITPOINT WARNING * * *
You hit Sigmund but do no damage.
Sigmund looks as sick as possible!
Sigmund is almost dead.
Sigmund casts a spell at you. The magic dart hits you!
You die...

##.##...####.#
#...##.## #.#
>....#.# #.#
#†..##.# #.#
.......# #.#
##.##### #.#
#.# #.#####
##'## #.....#
#...## #####s#
.....## #@#
......## #.#
.......### #.#
.......'.. #.#
.......### #.#
......## #.#
.....## #.#
#...## #.#


You could see Sigmund (extremely poisoned).

Vanquished Creatures
  An orc priest (D:3)
  Natasha (thrice) (D:3)
  An orc wizard (D:3)
  2 adders
  A worm (D:3)
  A dart slug (D:1)
  8 orcs (D:3)
  8 ball pythons
  8 bats
  8 endoplasms
  2 giant cockroaches
  5 goblins
  3 hobgoblins
  2 jackals (D:2)
  A quokka (D:1)
  3 frilled lizards
  2 kobolds
  4 rats (D:1)
63 creatures vanquished.

Vanquished Creatures (others)
  11 fungi (D:3)
  5 plants (D:3)
16 creatures vanquished.

Grand Total: 79 creatures vanquished

Notes
Turn   | Place    | Note
-------+----------+-------------------------------------------
     0 | D:1      | ytrimaz the Octopode Transmuter began the quest for the
                  | Orb.
     0 | D:1      | Reached XP level 1. HP: 13/13 MP: 3/3
   122 | D:1      | Reached XP level 2. HP: 6/18 MP: 5/5
   980 | D:1      | Reached XP level 3. HP: 16/23 MP: 6/6
  1083 | D:1      | Found a faded altar of an unknown god.
  1301 | D:1      | Prayed at the altar of an unknown god.
  1301 | D:1      | Became a worshipper of Ashenzari the Shackled
  2683 | D:3      | Reached XP level 4. HP: 13/28 MP: 7/7
  3017 | D:3      | Learned a level 3 spell: Spider Form
  3025 | D:3      | Reached skill level 4 in Unarmed Combat
  3078 | D:3      | Noticed Natasha
  3089 | D:3      | Killed Natasha
  3090 | D:3      | Reached XP level 5. HP: 13/34 MP: 7/9
  3436 | D:3      | Noticed Natasha
  3460 | D:3      | Killed Natasha
  3631 | D:3      | Noticed Natasha
  3648 | D:3      | Found a blossoming altar of Fedhas.
  3704 | D:3      | Killed Natasha
  4486 | D:3      | Noticed Sigmund
  4512 | D:3      | Killed from afar by Sigmund

Illustrated notes

Levels and vault maps discovered:
D:1:      dpeg_arrival_subterranean_lakeside_camping, layout_basic,
          hellmonk_ecumenical_altar_zigzags, hangedman_glass_teeth
D:2:      layout_basic
D:3:      layout_loops_corners, fedhas_altar_3, minmay_misc_feat_room,
          serial_bayou_crossing, uniq_natasha, uniq_sigmund

Skill      XL: |  1  2  3  4  5 |
---------------+----------------+-----
Unarmed Combat | 4 |  4.9
Fighting       | 2 |  2.2
Spellcasting   | 3 |  3.1
Transmutations | 3 |  3.0
Dodging        | |  2.0

Action                   |  1- 3 |  4- 6 || total
-------------------------+-------+-------++-------
Melee: Unarmed           |    91 |    81 ||   172
       Constrict         |    21 |    17 ||    38
       Tentacles         |    18 |    12 ||    30
       Kick              |     2 |     5 ||     7
       Punch             |       |     5 ||     5
 Cast: Beastly Appendage |     4 |     3 ||     7
       Spider Form       |       |     3 ||     3
  Use: Potion            |     1 |     3 ||     4
       Scroll            |     1 |       ||     1
 Stab: Sleeping          |     8 |     4 ||    12
       Distracted        |     1 |       ||     1
Armor: Skin              |    11 |     1 ||    12
Dodge: Dodged            |    55 |    33 ||    88

Table legend: (Time is in decaauts)
 A = Elapsed time spent in this place.
 B = Non-inter-level travel time spent in this place.
 C = Inter-level travel time spent in this place.
 D = Time resting spent in this place.
 E = Time spent auto-exploring this place.
 F = Levels seen in this place.
 G = Mean time per level.
                   A        B        C        D        E       F      G
               +--------+--------+--------+--------+--------+-----+--------+
         Total |   4495 |   4353 |    142 |    656 |   3167 |   3 | 1498.3 |
       Dungeon |   4495 |   4353 |    142 |    656 |   3167 |   3 | 1498.3 |
               +--------+--------+--------+--------+--------+-----+--------+

Top non-repeatable levels by time:
     D:3: 1843 daAuts
     D:1: 1604 daAuts
     D:2: 1048 daAuts
